 Dungeon Crawl Stone Soup version 0.30-a0-1157-g2cc9ac7196 (webtiles) character file.

Game seed: 12067452370019397019

10 ytrimaz the Trooper (level 2, 0/24 HPs)
             Began as a Demonspawn Fighter on Apr 24, 2023.
             Succumbed to a kobold's poison
             ... on level 1 of the Dungeon.
             The game lasted 00:00:26 (214 turns).

ytrimaz the Trooper (Demonspawn Fighter)             Turns: 214, Time: 00:00:26

Health: 0/24       AC:  6    Str: 16    XL:     2   Next: 10%
Magic:  2/2        EV:  8    Int:  9    God:
Gold:   22         SH:  4    Dex: 12    Spells: 1/1 levels left

rFire   . . .        a - +0 war axe
rCold   . . .        c - +0 buckler
rNeg    . . .        b - +0 scale mail
rPois   .            (no helmet)
rElec   .            (no cloak)
rCorr   .            (no gloves)
SInv    .            (no boots)
Will    .....        (no amulet) Stlth
                     (no ring)
HPRegen 0.24/turn    (no ring)
MPRegen 0.08/turn

%: no passive effects
@: lethally poisoned (0 -> -1)
A: weakness stinger 1
a: no special abilities


You were on level 1 of the Dungeon.
You visited 1 branch of the dungeon, and saw 1 of its levels.

You collected 22 gold pieces.


Innate Abilities, Weirdness & Mutations

You have a small tail.


   Skills:
 + Level 3.1 Fighting
 + Level 2.0 Axes
 - Level 2.6 Armour
 * Level 3.0 Shields


You had one spell level left.
You didn't know any spells.
Your spell library was empty.

Inventory:

Hand Weapons
 a - a +0 war axe (weapon)
Armour
 b - a +0 scale mail (worn)
 c - a +0 buckler (worn)
Scrolls
 e - a scroll of enchant armour {unknown}
 f - 2 scrolls of identify {unknown}
Potions
 d - a potion of might

Dungeon Overview and Level Annotations

Branches:
Dungeon (1/15) Zot: 5774

Altars:

.########## .#######
#........## ## ........
+......... .. .###...#
#........# ..### .# .#
#........# .... .###
#........####..# ...#
#..............### ##.#
#..........)...... ##.+
#.....@........## ####
#...............# # ..
#...###.........# # .. #...#
#.........# ####...#.##...#
#[........##
..........#...###..........#
#########.#................#
......# #.#..).............#
.....## #.#................#


There were no monsters in sight!


Message History

A rat is nearby!
The rat bites you. 😕 HP[-2]
You take 2 damage, and now have 16/18 hp.
You closely miss the rat. The rat bites you.
The rat bites you but does no damage. 😮 HP[-3]
You take 3 damage, and now have 13/18 hp.
You hit the rat.
You kill the rat! 😕 HP[+1] No target in view!
You see here a +2 falchion of holy wrath. 😎 HP[+4]
Your hp is fully restored (18).
A ball python comes into view.
The ball python hisses angrily.
A ball python is nearby!
A ball python is nearby!
You hit the ball python but do no damage.
The ball python closely misses you. The ball python grabs you.
The ball python constricts you.
The ball python bites you but does no damage.
The ball python constricts you. 😕 HP[-1]
You take 1 damage, and now have 17/18 hp.
You hit the ball python.
You kill the ball python!
Your Shields skill increases to level 3! 😎 HP[+1]
Your hp is fully restored (18).
No target in view!
f - 2 scrolls labelled HIUS ROGOCUUR (gained 1) No target in view!
Unknown command.
You now have 22 gold pieces (gained 13).
A hobgoblin comes into view.
A hobgoblin is nearby!
A hobgoblin is nearby!
A hobgoblin is nearby!
A kobold comes into view.
It is wielding a +0 short sword of venom.
The kobold shouts!
The kobold throws a stone.
The stone completely misses you.
The hobgoblin hits you but does no damage.
You hit the hobgoblin but do no damage. The hobgoblin hits you. 😕 HP[-4]
You take 4 damage, and now have 14/18 hp.
MASSIVE DAMAGE!! (PAUSE)
The kobold hits you but does no damage. The hobgoblin closely misses you.
You hit the hobgoblin. You miss the kobold.
The hobgoblin hits you but does no damage.
The kobold hits you with a +0 short sword of venom.
You are poisoned.
The hobgoblin hits you. You block the kobold's attack. 😮 HP[-3]
You take 3 damage, and now have 11/18 hp.
You are too injured to fight recklessly!
You are too injured to fight recklessly!
Unknown command.
You slash the kobold!
You kill the kobold!
You barely miss the hobgoblin.
* * * LOW HITPOINT WARNING * * *
You feel very sick. The hobgoblin completely misses you.
Your Axes skill increases to level 2!
You have reached level 2!
You feel monstrous as your demonic heritage exerts itself.
Your demonic ancestry asserts itself...
You grow a small tail. 😨 HP[-1] MP[+1]
You now have 24 max hp (+6).
Your mp is fully restored (2).
You closely miss the hobgoblin.
Your tail-slap misses the hobgoblin.
You feel sick.
The hobgoblin hits you but does no damage.
The hobgoblin hits you.
* * * LOW HITPOINT WARNING * * *
😱 HP[-5]
You take 5 damage, and now have 5/24 hp.
MASSIVE DAMAGE!! (PAUSE)
You slash the hobgoblin!
You kill the hobgoblin!
* * * LOW HITPOINT WARNING * * *
You feel sick. 😱 HP[-2]
You take 2 damage, and now have 3/24 hp.
Unknown command.
Okay, then.
* * * LOW HITPOINT WARNING * * *
You feel sick.
* * * LOW HITPOINT WARNING * * *
You feel sick. 😱 HP[-1]
You take 1 damage, and now have 2/24 hp.
* * * LOW HITPOINT WARNING * * *
You feel sick. 😱 HP[-1]
You take 1 damage, and now have 1/24 hp.
You die...

Skill      XL: |  1 |
---------------+----+-----
Shields        | 3 |  3.0
Axes           | 2 |  2.0
Fighting       | |  3.1
Armour         | |  2.6

Action                     || total
---------------------------++-------
  Melee: War axe           ||    27
 Armour: Scale mail        ||    15
  Dodge: Dodged            ||    13
  Block: Buckler           ||     4

Levels and vault maps discovered:
D:1:      nicolae_arrival_washed_ashore, layout_basic

Notes
Turn   | Place    | Note
-------+----------+-------------------------------------------
     0 | D:1      | ytrimaz the Demonspawn Fighter began the quest for the Orb.
     0 | D:1      | Reached XP level 1. HP: 18/18 MP: 1/1
     0 | D:1      | magus.rc [v1.9.6]
   195 | D:1      | Reached skill level 3 in Shields
   209 | D:1      | Reached skill level 2 in Axes
   209 | D:1      | You feel monstrous as your demonic heritage exerts itself.
   209 | D:1      | Discovered your monstrous ancestry.
   209 | D:1      | Gained mutation: You have a small tail. [demonic ancestry]
   209 | D:1      | Reached XP level 2. HP: 10/24 MP: 2/2
   209 | D:1      | HP: 5/24 [hobgoblin (3)]
   212 | D:1      | HP: 2/24 [poisoned by a kobold]
   214 | D:1      | Succumbed to a kobold's poison

Vanquished Creatures
  2 hobgoblins (D:1)
  A quokka (D:1)
  2 ball pythons (D:1)
  2 frilled lizards (D:1)
  A goblin (D:1)
  2 kobolds (D:1)
  A rat (D:1)
11 creatures vanquished.

Table legend:
 A = Non-vault XP
 B = Vault XP
 C = Vault XP percentage of total XP
 D = Non-vault monster count
 E = Vault monster count
 F = Vault count percentage of total count
                 A         B        C        D         E       F
            +---------+---------+-------+---------+---------+-------
      Total |      15 |       0 |   0.0 |      11 |       0 |   0.0
            +---------+---------+-------+---------+---------+-------
        D:1 |      15 |       0 |   0.0 |      11 |       0 |   0.0
            +---------+---------+-------+---------+---------+-------

Skill      XL: |  1 |
---------------+----+-----
Shields        | 3 |  3.0
Axes           | 2 |  2.0
Fighting       | |  3.1
Armour         | |  2.6

Action                     || total
---------------------------++-------
  Melee: War axe           ||    27
 Armour: Scale mail        ||    15
  Dodge: Dodged            ||    13
  Block: Buckler           ||     4

Illustrated notes

Table legend:
 A = Kills in this place as a percentage of kills in the entire game.
 B = Kills by you in this place as a percentage of kills by you in the entire game.
 C = Kills by friends in this place as a percentage of kills by friends in the entire game.
 D = Other kills in this place as a percentage of other kills in the entire game.
 E = Experience gained in this place as a percentage of experience gained in the entire game.
 F = Experience gained in this place divided by the number of levels of this place that you have seen.
                   A       B       C       D       E      F
               +-------+-------+-------+-------+-------+----------------------
         Total | 100.0 | 100.0 |   N/A |   N/A | 100.0 |  15.0
       Dungeon | 100.0 | 100.0 |   N/A |   N/A | 100.0 |  15.0
               +-------+-------+-------+-------+-------+----------------------

Table legend: (Time is in decaauts)
 A = Elapsed time spent in this place.
 B = Non-inter-level travel time spent in this place.
 C = Inter-level travel time spent in this place.
 D = Time resting spent in this place.
 E = Time spent auto-exploring this place.
 F = Levels seen in this place.
 G = Mean time per level.
                   A        B        C        D        E       F      G
               +--------+--------+--------+--------+--------+-----+--------+
         Total |    225 |    225 |      0 |      0 |    151 |   1 |  225.0 |
       Dungeon |    225 |    225 |      0 |      0 |    151 |   1 |  225.0 |
               +--------+--------+--------+--------+--------+-----+--------+

Top non-repeatable levels by time:
     D:1: 225 daAuts
